[Event "Titled Tuesday Blitz June 20 Late 2023"]
[White "Bongo Akanga Ndjila, Barthelemy"]
[Black "julioramirezosio"]
[WhiteFideId "10609431"]
[WhiteElo "1768"]
[BlackElo "2351"]
[Result "0-1"]
[Round "4"]
[TimeControl "180+2"]
[Date "2023.06.20"]
[WhiteClock "0:00:11"]
[BlackClock "0:00:20"]
[Board "166"]

1. d4 d5 2. c4 c6 3. Nc3 Nf6 4. Nf3 e6 5. Bg5 Nbd7 6. e3 Qa5 7. Nd2 dxc4 8. Bxf6 Nxf6 9. Nxc4 Qc7 10. Bd3 Be7 11. g4 a6 12. g5 Nd5 13. Ne4 b5 14. Ne5 Bb7 15. h4 c5 16. Rg1 cxd4 17. exd4 Bb4+ 18. Kf1 Nf4 19. Rc1 Qb6 20. Bb1 O-O 21. Rg4 Ng6 22. Nd7 Qd8 23. Nxf8 Nxf8 24. a3 Be7 25. Nf6+ Bxf6 26. gxf6 Qxf6 27. Be4 Bxe4 28. Rxe4 Qf5 29. Qe2 Nd7 30. Rc7 Nf6 31. Re5 Qh3+ 32. Kg1 Ng4 33. f3 Nxe5 34. dxe5 Qxh4 35. Kg2 Rd8 36. Qe3 h6 37. b4 Rd1 38. Qe2 Qh1+ 39. Kg3 Rg1+ 40. Kf4 g5+ 41. Ke3 Re1 42. Rc2 Rxe2+ 43. Rxe2 Qc1+ 44. Kd3 Qxa3+ 45. Ke4 Qxb4+ 46. Ke3 Qf4+ 47. Kf2 g4 48. Re3 g3+ 49. Kg2 Qxe3 50. Kxg3 Qxe5+ 0-1


[Site "https://www.chess.com"]

[Event "Titled Tuesday Blitz June 20 Late 2023"]
[White "Skaric, Djuro"]
[Black "Dmitriev, Sergey"]
[WhiteFideId "934569"]
[BlackFideId "14101785"]
[WhiteElo "2282"]
[BlackElo "2132"]
[Result "1-0"]
[Round "4"]
[TimeControl "180+2"]
[Date "2023.06.20"]
[WhiteClock "0:02:48"]
[BlackClock "0:01:39"]
[Board "167"]

1. g3 d6 2. Bg2 g6 3. d3 Bg7 4. e4 Nf6 5. Nc3 O-O 6. f4 Nc6 7. Nf3 e5 8. O-O exf4 9. gxf4 Bg4 10. h3 Bxf3 11. Bxf3 Nd4 12. Bg2 Nh5 13. Be3 Nc6 14. Rf2 Qh4 15. Qg4 Qe7 16. f5 Bd4 17. Nd5 Qd7 18. Bxd4 Nxd4 19. Qxh5 c6 20. Nf6+ Kh8 21. Qxh7# 1-0


[Site "https://www.chess.com"]

[Event "Titled Tuesday Blitz June 20 Late 2023"]
[White "Santos Flores, Alberto"]
[Black "Ardila, Oscar Humberto"]
[WhiteFideId "3601234"]
[BlackFideId "4404742"]
[WhiteElo "2235"]
[BlackElo "1912"]
[Result "1-0"]
[Round "4"]
[TimeControl "180+2"]
[Date "2023.06.20"]
[WhiteClock "0:02:15"]
[BlackClock "0:02:09"]
[Board "168"]

1. e4 e5 2. Nf3 Nf6 3. Nxe5 d6 4. Nf3 Nxe4 5. d4 Be7 6. Bd3 d5 7. O-O Nc6 8. Re1 Nf6 9. h3 O-O 10. c3 h6 11. Bf4 Be6 12. Nbd2 a6 13. Nf1 Qd7 14. Ng3 g5 15. Ne5 Qd8 16. Nxc6 bxc6 17. Be5 Nd7 18. Qh5 Nxe5 19. Rxe5 Kg7 20. Rxe6 Bf6 21. Nf5+ Kg8 22. Nxh6+ Kg7 23. Nf5+ Kg8 24. Ne7+ Kg7 25. Qh7# 1-0


[Site "https://www.chess.com"]

[Event "Titled Tuesday Blitz June 20 Late 2023"]
[White "Sarkar, Justin"]
[Black "Doknjas, Neil"]
[WhiteFideId "2010011"]
[BlackFideId "2617587"]
[WhiteElo "2151"]
[BlackElo "2152"]
[Result "0-1"]
[Round "4"]
[TimeControl "180+2"]
[Date "2023.06.20"]
[WhiteClock "0:00:00"]
[BlackClock "0:00:19"]
[Board "169"]

1. e4 c5 2. Nf3 e6 3. d4 cxd4 4. Nxd4 a6 5. a4 Qc7 6. Bd3 Nc6 7. Be3 Nf6 8. O-O Ne5 9. h3 d6 10. Nc3 Be7 11. a5 O-O 12. Na4 Qxa5 13. Nf5 Qc7 14. Nxe7+ Qxe7 15. Nb6 Rb8 16. f4 Nxd3 17. Qxd3 Bd7 18. Nxd7 Qxd7 19. Bd4 Ne8 20. f5 e5 21. Be3 Qc6 22. Rad1 Nf6 23. Qxd6 Qxd6 0-1


[Site "https://www.chess.com"]

[Event "Titled Tuesday Blitz June 20 Late 2023"]
[White "Sala, Giulia"]
[Black "Pan, Kevin"]
[WhiteFideId "2840451"]
[BlackFideId "30915708"]
[WhiteElo "1769"]
[BlackElo "2233"]
[Result "0-1"]
[Round "4"]
[TimeControl "180+2"]
[Date "2023.06.20"]
[WhiteClock "0:02:21"]
[BlackClock "0:01:47"]
[Board "170"]

1. d4 d5 2. Bf4 e6 3. e3 Nf6 4. Nf3 c5 5. Nbd2 Nc6 6. c3 Nh5 7. Bg5 f6 8. Bh4 g6 9. Bd3 Be7 10. Qe2 e5 11. dxe5 fxe5 12. Bxe7 Qxe7 13. e4 Nf4 14. Qf1 Be6 15. g3 Bh3 16. gxf4 Bxf1 17. Kxf1 dxe4 18. Nxe4 exf4 19. Re1 O-O-O 20. Bc4 Qd7 21. Kg2 Qg4+ 0-1


[Site "https://www.chess.com"]

[Event "Titled Tuesday Blitz June 20 Late 2023"]
[White "De Souza, Cristiano Gomes"]
[Black "Sadilek, Peter"]
[WhiteFideId "2151758"]
[BlackFideId "1616439"]
[WhiteElo "2068"]
[BlackElo "2227"]
[Result "0-1"]
[Round "4"]
[TimeControl "180+2"]
[Date "2023.06.20"]
[WhiteClock "0:02:21"]
[BlackClock "0:02:11"]
[Board "171"]

1. d4 e6 2. c4 Nf6 3. Nf3 Bb4+ 4. Bd2 a5 5. g3 O-O 6. Bg2 d5 7. b3 b6 8. O-O Ba6 9. cxd5 exd5 10. Ne5 c5 11. a3 Bxd2 12. Qxd2 Re8 13. Nc3 Ra7 14. Rfe1 Rae7 15. e3 Ne4 16. h4 Nxd2 0-1


[Site "https://www.chess.com"]

[Event "Titled Tuesday Blitz June 20 Late 2023"]
[White "Lopez Del Alamo, Antonio"]
[Black "Cluke86"]
[WhiteFideId "2227339"]
[WhiteElo "2175"]
[BlackElo "2237"]
[Result "0-1"]
[Round "4"]
[TimeControl "180+2"]
[Date "2023.06.20"]
[WhiteClock "0:00:12"]
[BlackClock "0:00:39"]
[Board "172"]

1. e4 d6 2. d4 Nf6 3. Nc3 e5 4. Nf3 Nbd7 5. Bc4 Be7 6. a4 c6 7. O-O Qc7 8. Re1 h6 9. b3 O-O 10. Bb2 b6 11. Nh4 exd4 12. Qxd4 Ne5 13. Nf5 Bxf5 14. exf5 Nxc4 15. Qxc4 d5 16. Qd3 Rfe8 17. Re2 Bd6 18. g3 Rxe2 19. Qxe2 Re8 20. Qd3 Be5 21. Rd1 Ne4 22. Nxe4 Bxb2 23. Nd2 Qe5 24. Kf1 Qd4 25. Qxd4 Bxd4 26. Nf3 Bf6 27. h4 Re4 28. Kg2 Re2 29. Rd2 Rxd2 30. Nxd2 Kf8 31. Kf3 h5 32. Ke3 Ke7 33. Nf3 Kd6 34. Kd3 c5 35. c4 a6 36. Nd2 Bd4 37. cxd5 Kxd5 38. Ne4 b5 39. axb5 axb5 40. Ng5 Bxf2 41. Nxf7 Bxg3 42. Ng5 c4+ 43. bxc4+ bxc4+ 44. Kc2 Bxh4 45. Ne6 Bf6 46. Nf4+ Ke4 47. Nxh5 Kxf5 48. Ng3+ Kf4 49. Ne2+ Ke3 50. Ng3 g6 51. Kd1 c3 52. Kc2 Be5 53. Nf1+ Kf2 54. Nh2 Bxh2 55. Kxc3 g5 0-1


[Site "https://www.chess.com"]

[Event "Titled Tuesday Blitz June 20 Late 2023"]
[White "rionelG"]
[Black "Ozalp, Burak"]
[BlackFideId "6314210"]
[WhiteElo "2231"]
[BlackElo "2106"]
[Result "1-0"]
[Round "4"]
[TimeControl "180+2"]
[Date "2023.06.20"]
[WhiteClock "0:00:05"]
[BlackClock "0:00:04"]
[Board "173"]

1. e4 c5 2. g3 e6 3. d3 Nc6 4. Bg2 Nge7 5. Nf3 g6 6. O-O Bg7 7. Re1 Nd4 8. e5 Nxf3+ 9. Qxf3 O-O 10. Nd2 Nc6 11. Nc4 Nd4 12. Qd1 Rb8 13. c3 Nc6 14. a4 b6 15. Bf4 Ba6 16. h4 h5 17. Nd6 Qc7 18. Qd2 Kh7 19. Rac1 Ne7 20. d4 Nc8 21. Ne4 Bb7 22. a5 Ne7 23. axb6 axb6 24. Ra1 Bc6 25. dxc5 bxc5 26. b4 cxb4 27. cxb4 Qb7 28. Rab1 Nf5 29. b5 Bd5 30. Ng5+ Kg8 31. Bxd5 exd5 32. Red1 d4 33. e6 dxe6 34. Bxb8 Rxb8 35. b6 Be5 36. Qc2 Rc8 37. Qe4 Qb8 38. b7 Rd8 39. Rdc1 Bc7 40. Rc6 Bxg3 41. fxg3 Qxg3+ 42. Qg2 Qe3+ 43. Qf2 Qe5 44. Rc8 Rxc8 45. bxc8=Q+ Kg7 46. Qb7 Ne3 47. Qbxf7+ Kh6 48. Qh7# 1-0


[Site "https://www.chess.com"]

[Event "Titled Tuesday Blitz June 20 Late 2023"]
[White "Castella Garcia, Fausto"]
[Black "Chessadiction1990"]
[WhiteFideId "3501922"]
[WhiteElo "2245"]
[BlackElo "2210"]
[Result "1-0"]
[Round "4"]
[TimeControl "180+2"]
[Date "2023.06.20"]
[WhiteClock "0:01:48"]
[BlackClock "0:00:00"]
[Board "174"]

1. e4 c5 2. Nf3 d6 3. d4 cxd4 4. Nxd4 Nf6 5. Nc3 g6 6. f4 Nc6 7. Bb5 Bd7 8. Bxc6 Bxc6 9. e5 dxe5 10. fxe5 Nd5 11. e6 f6 12. Nxc6 bxc6 13. Nxd5 Qxd5 14. Qxd5 cxd5 15. Be3 Bg7 16. O-O-O O-O-O 17. Bxa7 Rd6 18. Rhe1 f5 19. Bc5 Ra6 20. Kb1 Rd8 21. Bxe7 Re8 22. Ba3 Raxe6 23. Rxe6 Rxe6 24. c3 Re2 25. Rxd5 Rxg2 26. Bd6 Bh6 27. a4 f4 28. Rd3 g5 29. a5 Kb7 30. h3 Bg7 31. b4 Ka6 32. c4 Rb2+ 33. Kc1 Ra2 34. Bc7 1-0


[Site "https://www.chess.com"]

[Event "Titled Tuesday Blitz June 20 Late 2023"]
[White "KSho99"]
[Black "Rosenberg, Evan S"]
[BlackFideId "2019299"]
[WhiteElo "2208"]
[BlackElo "2323"]
[Result "0-1"]
[Round "4"]
[TimeControl "180+2"]
[Date "2023.06.20"]
[WhiteClock "0:00:00"]
[BlackClock "0:00:44"]
[Board "175"]

1. d4 d5 2. Nc3 Nf6 3. Bf4 a6 4. e3 e6 5. g4 Bb4 6. Qf3 Ne4 7. Ne2 c5 8. a3 Ba5 9. dxc5 Nxc3 10. Nxc3 Bxc3+ 11. bxc3 Qf6 12. e4 dxe4 13. Qg3 Nc6 14. Bg2 e5 15. Be3 Qg6 16. g5 Bf5 17. h4 h5 18. gxh6 Qxg3 19. fxg3 gxh6 20. Rf1 Bg6 21. Rb1 O-O-O 22. Bh3+ Kc7 23. Rf6 h5 24. Ke2 Rd5 25. Rd6 Rd8 26. Rd1 Rxd1 27. Rxd1 Rxd1 28. Kxd1 Na5 29. g4 Nc4 30. Bc1 Kc6 31. gxh5 Bxh5+ 32. Ke1 Kxc5 33. Bf5 Bg6 34. Bxg6 fxg6 35. Ke2 Kb5 36. Kf2 Ka4 37. Kg3 Nxa3 38. Kg4 Nxc2 39. Kg5 e3 40. Kxg6 e2 41. Bd2 e4 42. h5 e3 43. Be1 Nxe1 44. h6 Nf3 45. h7 e1=Q 46. h8=Q Qg3+ 47. Kf7 Qc7+ 48. Ke6 Qe5+ 49. Kd7 Qxh8 0-1


[Site "https://www.chess.com"]

[Event "Titled Tuesday Blitz June 20 Late 2023"]
[White "Cueto, Jonny"]
[Black "Manon-og, Ramon Jr."]
[WhiteFideId "3300145"]
[BlackFideId "5200776"]
[WhiteElo "2240"]
[BlackElo "2316"]
[Result "1-0"]
[Round "4"]
[TimeControl "180+2"]
[Date "2023.06.20"]
[WhiteClock "0:00:04"]
[BlackClock "0:00:00"]
[Board "176"]

1. d4 Nf6 2. Bf4 g6 3. Nc3 d5 4. e3 Bg7 5. h4 h5 6. Be2 O-O 7. Nf3 c5 8. Nb5 Na6 9. c3 Ne4 10. O-O Bg4 11. a4 e6 12. Nd2 Qxh4 13. Nxe4 dxe4 14. Bxg4 hxg4 15. Bg3 Qh5 16. Qb3 Bf6 17. Nd6 cxd4 18. cxd4 Qd5 19. Qxd5 exd5 20. Nxb7 Rfc8 21. Rac1 Nb4 22. Nd6 Rd8 23. Rc7 Na6 24. Rb7 Rdb8 25. Rxf7 Bg7 26. Rd7 Rxb2 27. Nb5 Nb4 28. Rc1 a6 29. Rcc7 Bf8 30. Nd6 Nd3 31. Nc8 Rab8 32. Ne7+ Bxe7 33. Rxe7 Rb1+ 34. Kh2 Rd8 35. Rg7+ Kh8 36. Rh7+ Kg8 37. Rcg7+ Kf8 38. Ra7 Kg8 39. Rhg7+ Kf8 40. Rxg6 Nxf2 41. Bxf2 Rb2 42. Bg3 Re2 43. Rh6 Kg8 44. Be5 g3+ 45. Kxg3 Rxe3+ 46. Kh2 Rh3+ 47. Rxh3 1-0


[Site "https://www.chess.com"]

[Event "Titled Tuesday Blitz June 20 Late 2023"]
[White "Prieto Aranguren, Alain"]
[Black "Thiel, Thomas"]
[WhiteFideId "2268906"]
[BlackFideId "4615964"]
[WhiteElo "2209"]
[BlackElo "2197"]
[Result "1-0"]
[Round "4"]
[TimeControl "180+2"]
[Date "2023.06.20"]
[WhiteClock "0:02:09"]
[BlackClock "0:01:29"]
[Board "177"]

1. d4 d5 2. c4 dxc4 3. e3 e5 4. Bxc4 Nc6 5. Nf3 e4 6. Nfd2 Qg5 7. g3 f5 8. Nc3 Nf6 9. b3 Bb4 10. Bb2 Na5 11. a3 Nxc4 12. bxc4 Be7 13. Qa4+ Bd7 14. Qb3 O-O-O 15. Rb1 b6 16. a4 a5 17. c5 bxc5 18. Ba3 Bc6 19. Qe6+ Nd7 20. Qxc6 1-0


[Site "https://www.chess.com"]

[Event "Titled Tuesday Blitz June 20 Late 2023"]
[White "Gardezi, Arsal"]
[Black "Zhukov, Maksim"]
[WhiteFideId "30949521"]
[BlackFideId "34181790"]
[WhiteElo "1906"]
[BlackElo "1925"]
[Result "1-0"]
[Round "4"]
[TimeControl "180+2"]
[Date "2023.06.20"]
[WhiteClock "0:02:25"]
[BlackClock "0:00:20"]
[Board "178"]

1. e4 c5 2. Nf3 d6 3. d4 cxd4 4. Nxd4 Nf6 5. Nc3 a6 6. f3 e5 7. Nb3 h5 8. Be3 Be6 9. Nd5 Bxd5 10. exd5 Nbd7 11. c4 Be7 12. Qd2 Rc8 13. Na5 Qc7 14. Rc1 Nb8 15. Qb4 b5 16. cxb5 Qd7 17. Rxc8+ Qxc8 18. bxa6 Nxa6 19. Qb5+ Qd7 20. Qxd7+ Kxd7 21. Bxa6 Nxd5 22. Bb5+ Kc7 23. Bd2 Rb8 24. a4 Nb6 25. O-O d5 26. Rc1+ Nc4 27. Nxc4 dxc4 28. Rxc4+ Kd8 29. Ba5+ Rb6 30. Bxb6# 1-0


[Site "https://www.chess.com"]

[Event "Titled Tuesday Blitz June 20 Late 2023"]
[White "Powell, Paul"]
[Black "Stanisz, Patryk"]
[WhiteFideId "2005840"]
[BlackFideId "1123106"]
[WhiteElo "2159"]
[BlackElo "2069"]
[Result "0-1"]
[Round "4"]
[TimeControl "180+2"]
[Date "2023.06.20"]
[WhiteClock "0:00:00"]
[BlackClock "0:00:02"]
[Board "179"]

1. d4 d5 2. Nf3 Nf6 3. Bf4 c5 4. c3 Nc6 5. e3 e6 6. Bd3 cxd4 7. exd4 Nh5 8. Bg5 f6 9. Bh4 Nf4 10. O-O Nxd3 11. Qxd3 Bd6 12. Nbd2 O-O 13. Rfe1 Bd7 14. Re3 Qb6 15. Rb1 Rae8 16. Bg3 Bxg3 17. hxg3 Ne7 18. g4 Ng6 19. g3 Bb5 20. Qc2 e5 21. dxe5 fxe5 22. Qb3 Rd8 23. a4 Bc6 24. Qxb6 axb6 25. Nxe5 Nxe5 26. Rxe5 Bxa4 27. Rbe1 d4 28. cxd4 Rxd4 29. Ne4 Bc6 30. f4 Ra8 31. Nc3 Rd2 32. R5e2 Rad8 33. Kf2 R8d3 34. Rxd2 Rxd2+ 35. Re2 Rd3 36. Re3 Rd4 37. g5 b5 38. Ke2 b4 39. Nd1 Bb5+ 40. Ke1 Kf7 41. Nf2 Ba4 42. Ng4 Rd1+ 43. Ke2 Rb1 44. Ne5+ Kf8 45. g6 Rxb2+ 46. Ke1 Rb1+ 47. Ke2 Bb5+ 48. Kd2 hxg6 49. Nxg6+ Kf7 50. Ne5+ Kg8 51. Kc2 Rg1 52. Kb3 Rb1+ 53. Kc2 Ra1 54. Kb2 Rd1 55. Kb3 Rd4 0-1


[Site "https://www.chess.com"]

[Event "Titled Tuesday Blitz June 20 Late 2023"]
[White "Cooper, Aaron"]
[Black "Hartikainen, Jarmo"]
[WhiteFideId "2634945"]
[BlackFideId "503134"]
[WhiteElo "2302"]
[BlackElo "2152"]
[Result "0-1"]
[Round "4"]
[TimeControl "180+2"]
[Date "2023.06.20"]
[WhiteClock "0:00:00"]
[BlackClock "0:00:05"]
[Board "180"]

1. e4 c5 2. Nf3 Nc6 3. d4 cxd4 4. Nxd4 Nf6 5. Nc3 d6 6. Be2 e5 7. Nb3 Be7 8. O-O Be6 9. Be3 O-O 10. Bf3 a5 11. a4 Nb4 12. Nd5 Bxd5 13. exd5 e4 14. Be2 Nbxd5 15. Bd4 Nf4 16. Bb5 d5 17. c4 Bd6 18. g3 Ne6 19. Bxf6 Qxf6 20. cxd5 Ng5 21. Qg4 g6 22. h4 Nf3+ 23. Kg2 Rfe8 24. Rfd1 h5 25. Qd7 Re5 26. Be2 Rf8 27. Rac1 Re7 28. Qb5 Nxh4+ 29. Kf1 Nf3 30. Rc3 Qf5 31. Kg2 h4 32. Bxf3 exf3+ 0-1


[Site "https://www.chess.com"]

[Event "Titled Tuesday Blitz June 20 Late 2023"]
[White "Winkels, Marcel"]
[Black "Rodriguez Polo, Mateo"]
[WhiteFideId "1003887"]
[BlackFideId "24509396"]
[WhiteElo "1900"]
[BlackElo "2117"]
[Result "0-1"]
[Round "4"]
[TimeControl "180+2"]
[Date "2023.06.20"]
[WhiteClock "0:00:44"]
[BlackClock "0:01:01"]
[Board "181"]

1. e4 e6 2. d4 d5 3. Nc3 Nf6 4. Bg5 Bb4 5. exd5 Qxd5 6. Nf3 Ne4 7. Qd3 Nxg5 8. O-O-O Bxc3 9. Qxc3 Nxf3 10. Bc4 Qd8 11. gxf3 O-O 12. Rhg1 Qf6 13. h4 Nc6 14. Rg5 h6 15. Rg3 e5 16. dxe5 Nxe5 17. Rd5 Qf4+ 18. Kb1 Qxc4 19. Qxe5 Qf1+ 0-1


[Site "https://www.chess.com"]

[Event "Titled Tuesday Blitz June 20 Late 2023"]
[White "Romero Ruscalleda, Josep"]
[Black "Ricaurte Lopez, Juan Carlos"]
[WhiteFideId "2231859"]
[BlackFideId "3600327"]
[WhiteElo "2183"]
[BlackElo "2200"]
[Result "1-0"]
[Round "4"]
[TimeControl "180+2"]
[Date "2023.06.20"]
[WhiteClock "0:00:17"]
[BlackClock "0:00:00"]
[Board "182"]

1. e4 e6 2. d4 d5 3. e5 c5 4. c3 Nc6 5. Be3 Qb6 6. Qd2 Bd7 7. dxc5 Bxc5 8. Bxc5 Qxc5 9. Nf3 Nge7 10. Bd3 Ng6 11. Qg5 h6 12. Qg3 O-O 13. O-O Qb6 14. b3 Qc7 15. Re1 Nce7 16. Nd4 a6 17. h4 f5 18. f4 Nh8 19. Rc1 Nc6 20. Nxc6 Bxc6 21. Nd2 Nf7 22. Nf3 b5 23. Nd4 Bd7 24. Qg6 Nh8 25. Qg3 g6 26. Rc2 Kh7 27. Rf1 Rac8 28. h5 gxh5 29. Qf3 Rg8 30. Kf2 Rg4 31. Rh1 Rcg8 32. Kf1 Nf7 33. Rxh5 Rg3 34. Qd1 Rxg2 35. Rxg2 Rxg2 36. Kxg2 Qxc3 37. Rh3 Qb2+ 38. Ne2 Qxa2 39. Qc2 1-0


[Site "https://www.chess.com"]

[Event "Titled Tuesday Blitz June 20 Late 2023"]
[White "Vifleemskaia, Svetlana"]
[Black "Calderin Gonzalez, Roberto"]
[WhiteFideId "4129490"]
[BlackFideId "5102979"]
[WhiteElo "1930"]
[BlackElo "2102"]
[Result "1-0"]
[Round "4"]
[TimeControl "180+2"]
[Date "2023.06.20"]
[WhiteClock "0:00:13"]
[BlackClock "0:00:19"]
[Board "183"]

1. d4 d5 2. c4 e6 3. Nc3 Nf6 4. cxd5 exd5 5. Bg5 Nbd7 6. e3 c6 7. Bd3 Be7 8. Nge2 O-O 9. f3 Re8 10. Bh4 Bd6 11. Bf2 b5 12. O-O b4 13. Na4 Qc7 14. Ng3 h5 15. f4 Ng4 16. Nxh5 Nxf2 17. Kxf2 g6 18. Ng3 Nf6 19. Qc2 Ng4+ 20. Kg1 Nxe3 21. Qe2 Nxf1 22. Qxe8+ Kg7 23. Bxf1 Bxf4 24. Nc5 Bxg3 25. hxg3 Qxg3 26. Qe5+ Qxe5 27. dxe5 Bf5 28. Kf2 Re8 29. Re1 Be6 30. Bd3 Bg4 31. Ba6 Bf5 32. Bb7 Re7 33. b3 a5 34. Ba6 Ra7 35. Bd3 Bc8 36. e6 fxe6 37. Nxe6+ Kf6 38. Nc5 Re7 39. Rxe7 Kxe7 40. Ke3 Kd6 41. Kd4 g5 42. g3 g4 43. Bg6 Kc7 44. Nd3 Kd6 45. Nc5 Kc7 46. Ke5 Kb6 47. Nd3 Kb5 48. Be8 Kb6 49. Kd6 Bb7 50. Nc5 Ba8 51. Nd7+ Kb5 52. Ne5 Kb6 53. Bxc6 Bxc6 54. Nxc6 Kb5 55. Kxd5 Kb6 56. Nd4 a4 57. bxa4 Ka5 58. Nc2 Kxa4 59. Kc4 Ka5 60. Nxb4 Kb6 61. a4 Ka5 62. Kb3 Kb6 63. Nd3 Ka5 64. Nb2 Kb6 65. Nc4+ Kc5 66. a5 Kb5 67. Kc3 Kc5 68. Kd3 Kb5 69. Ne5 Kxa5 70. Ke4 Kb5 71. Kf4 Kc5 72. Kxg4 Kd6 73. Kf5 Ke7 74. g4 Kf8 75. g5 Kg8 76. Kg6 Kf8 77. Kf6 Kg8 78. g6 Kf8 79. g7+ Kg8 80. Ng4 Kh7 81. Ne5 Kh6 82. Nd7 Kh7 83. Kf7 Kh6 84. g8=Q Kh5 85. Kf6 Kh4 86. Kf5 Kh3 87. Kf4 Kh2 88. Kf3 Kh1 89. Qg2# 1-0


[Site "https://www.chess.com"]

[Event "Titled Tuesday Blitz June 20 Late 2023"]
[White "dorpato"]
[Black "Dimitrijevic, Aleksandra"]
[BlackFideId "929239"]
[WhiteElo "2046"]
[BlackElo "2282"]
[Result "0-1"]
[Round "4"]
[TimeControl "180+2"]
[Date "2023.06.20"]
[WhiteClock "0:00:00"]
[BlackClock "0:01:38"]
[Board "184"]

1. e4 c5 2. Nc3 Nc6 3. g3 e6 4. Bg2 Nf6 5. d3 d5 6. exd5 exd5 7. Nf3 Bg4 8. O-O Be7 9. h3 Bh5 10. Bf4 O-O 11. g4 Bg6 12. Ne2 Qd7 13. Ng3 Rad8 14. Qd2 h6 15. g5 hxg5 16. Bxg5 Nh5 17. Nxh5 Bxh5 18. Bxe7 Nxe7 19. Rfe1 Bxf3 20. Bxf3 Qxh3 21. Bg2 Qh4 22. Qa5 Rd6 23. Qxc5 Rfd8 24. Re5 Ng6 25. Re3 Nf4 26. Rg3 Ne2+ 27. Kf1 Nxg3+ 28. fxg3 Qxg3 29. Kg1 Rg6 30. Qf2 Qxf2+ 31. Kxf2 b6 32. Re1 d4 33. Re7 a5 34. Rb7 Rc8 35. c4 dxc3 36. bxc3 Rxc3 37. Rb8+ Kh7 38. Be4 Rc2+ 39. Ke3 Rb2 40. Bxg6+ Kxg6 41. Ke4 Kf6 42. a4 Ke6 43. Re8+ Kd7 44. Rf8 Ke7 45. Rb8 g6 46. d4 f5+ 47. Ke5 Re2+ 48. Kd5 Kd7 49. Rb7+ Kc8 50. Rg7 f4 51. Rxg6 f3 52. Rf6 f2 53. Kd6 Kb7 54. d5 b5 55. axb5 Kb6 56. Kd7+ Kxb5 57. d6 a4 58. Kc8 a3 59. d7 Rc2+ 60. Kb8 Rd2 0-1


[Site "https://www.chess.com"]

[Event "Titled Tuesday Blitz June 20 Late 2023"]
[White "Alexikov, Alexander"]
[Black "White, John S."]
[WhiteFideId "14103958"]
[BlackFideId "2502348"]
[WhiteElo "2186"]
[BlackElo "2005"]
[Result "0-1"]
[Round "4"]
[TimeControl "180+2"]
[Date "2023.06.20"]
[WhiteClock "0:00:00"]
[BlackClock "0:00:17"]
[Board "185"]

1. e4 c5 2. Nf3 e6 3. d4 cxd4 4. Nxd4 Nc6 5. Nc3 d6 6. Be3 Nf6 7. f4 a6 8. Be2 Qc7 9. O-O Be7 10. Qe1 O-O 11. Qg3 Nxd4 12. Bxd4 b5 13. e5 dxe5 14. Bxe5 Qc5+ 15. Kh1 Bb7 16. Bd3 g6 17. Rae1 Rad8 18. f5 exf5 19. Rxf5 Qc6 20. Bxf6 Rxd3 21. cxd3 Bxf6 22. Ne4 Bg7 23. Rc5 Qe6 24. b3 Re8 25. Rf1 f5 26. Ng5 Qe2 27. Rfc1 Qxa2 0-1


[Site "https://www.chess.com"]

[Event "Titled Tuesday Blitz June 20 Late 2023"]
[White "Nakamura, Hikaru"]
[Black "Van Foreest, Jorden"]
[WhiteFideId "2016192"]
[BlackFideId "1039784"]
[WhiteElo "2874"]
[BlackElo "2633"]
[Result "1-0"]
[Round "5"]
[TimeControl "180+2"]
[Date "2023.06.20"]
[WhiteClock "0:00:12"]
[BlackClock "0:00:00"]
[Board "1"]

1. e4 e5 2. Nc3 Nf6 3. Bc4 Bc5 4. d3 c6 5. Qf3 d6 6. Qg3 Nh5 7. Qf3 Nf6 8. Nge2 h6 9. h3 a5 10. a3 b5 11. Ba2 Na6 12. Ng3 g6 13. Be3 Be6 14. O-O Nc7 15. Bxc5 dxc5 16. Nce2 Bxa2 17. Rxa2 h5 18. Qe3 h4 19. Nh1 Ne6 20. f4 exf4 21. Nxf4 Qd4 22. Qxd4 Nxd4 23. b3 g5 24. Ng6 fxg6 25. Rxf6 Rg8 26. c3 Ke7 27. e5 Ne6 28. Nf2 Rad8 29. Ne4 Rd5 30. Raf2 Rg7 31. d4 cxd4 32. cxd4 Rxd4 33. Nd6 Nf4 34. Rc2 Rd1+ 35. Kh2 Nh5 36. Ne4 Re1 37. Rcxc6 Rxe4 38. Rc7+ Ke8 39. Re6+ Kf8 40. Rc8+ Kf7 41. Rce8 1-0


[Site "https://www.chess.com"]

[Event "Titled Tuesday Blitz June 20 Late 2023"]
[White "Le, Tuan Minh"]
[Black "Martinez Alcantara, Jose Eduardo"]
[WhiteFideId "12401153"]
[BlackFideId "3805662"]
[WhiteElo "2566"]
[BlackElo "2711"]
[Result "0-1"]
[Round "5"]
[TimeControl "180+2"]
[Date "2023.06.20"]
[WhiteClock "0:00:01"]
[BlackClock "0:00:10"]
[Board "2"]

1. d4 Nf6 2. Nf3 e6 3. c4 Bb4+ 4. Nbd2 O-O 5. a3 Be7 6. e3 c5 7. dxc5 Bxc5 8. b4 Be7 9. Bb2 d6 10. Be2 b6 11. O-O Bb7 12. Qb3 Nbd7 13. Rfd1 Qc7 14. Rac1 a6 15. Nf1 Rac8 16. Ng3 h6 17. h3 Rfd8 18. Nd4 Bf8 19. Bf1 Qb8 20. Rd2 Rc7 21. Rdc2 Rdc8 22. Be2 Qa8 23. Bf1 Rb8 24. Nde2 Rbc8 25. Nf4 Ne4 26. Nxe4 Bxe4 27. Bd3 Be7 28. Nh5 Bxg2 29. Qc3 Bf6 30. Nxf6+ Nxf6 31. f3 Bxf3 32. Kh2 e5 33. Rg1 Be4 34. Rf2 Bxd3 35. Qxd3 Ne4 36. Rfg2 Ng5 37. Qxd6 f6 38. h4 Nf3+ 39. Kh1 Nxg1 40. Qe6+ Kh8 41. Kxg1 Qf3 42. Bxe5 0-1


[Site "https://www.chess.com"]

[Event "Titled Tuesday Blitz June 20 Late 2023"]
[White "Liang, Awonder"]
[Black "Sviridov, Valery"]
[WhiteFideId "2056437"]
[BlackFideId "4120680"]
[WhiteElo "2508"]
[BlackElo "2457"]
[Result "0-1"]
[Round "5"]
[TimeControl "180+2"]
[Date "2023.06.20"]
[WhiteClock "0:00:00"]
[BlackClock "0:00:52"]
[Board "3"]

1. h4 e5 2. c4 Nf6 3. Nc3 d5 4. cxd5 Nxd5 5. Nf3 Nc6 6. e4 Ndb4 7. d3 Bg4 8. a3 Na6 9. b4 Nd4 10. Be2 Bxf3 11. Bxf3 c6 12. h5 Nc7 13. Bg4 a5 14. Rb1 axb4 15. axb4 Be7 16. O-O O-O 17. Be3 Bf6 18. Qd2 Qd6 19. Ne2 Ncb5 20. Ng3 Ra3 21. h6 g6 22. Kh1 Rfa8 23. Rfd1 Ra2 24. Qe1 Nc2 25. Qd2 Nxe3 26. Qxe3 Nc3 27. Kh2 Nxd1 28. Bxd1 Qe7 29. Bb3 Bg5 30. Qf3 Ra1 31. Rxa1 Rxa1 32. Qg4 Bxh6 33. Nf5 Qg5 34. Qxg5 Bxg5 35. Nd6 Rb1 36. Ba2 Rb2 37. Bxf7+ Kg7 38. Be6 Rxb4 39. g3 Be7 40. Nc4 Bc5 41. Kg2 Kf6 42. Bg8 h6 43. f4 Bd4 44. Kf3 b5 45. Na5 Rb2 46. Nxc6 Rf2+ 47. Kg4 h5+ 48. Kh3 Rf3 49. fxe5+ Bxe5 50. d4 Bxg3 51. Kg2 Rd3 52. e5+ Kf5 53. e6 Kf6 54. e7 Re3 55. Be6 Rxe6 56. Kxg3 Rxe7 0-1


[Site "https://www.chess.com"]

[Event "Titled Tuesday Blitz June 20 Late 2023"]
[White "Kollars, Dmitrij"]
[Black "Mikaelyan, Arman"]
[WhiteFideId "12909572"]
[BlackFideId "13304852"]
[WhiteElo "2584"]
[BlackElo "2456"]
[Result "1-0"]
[Round "5"]
[TimeControl "180+2"]
[Date "2023.06.20"]
[WhiteClock "0:00:06"]
[BlackClock "0:00:00"]
[Board "4"]

1. e4 e5 2. Nf3 Nc6 3. Bb5 a6 4. Ba4 Nf6 5. Nc3 b5 6. Bb3 Bc5 7. O-O O-O 8. a4 Rb8 9. axb5 axb5 10. Nd5 h6 11. c3 Nxd5 12. exd5 Ne7 13. Nxe5 d6 14. d4 Bb6 15. Nd3 Bb7 16. Qf3 Qd7 17. Re1 Rfe8 18. Bd2 Ng6 19. g3 Rxe1+ 20. Rxe1 Re8 21. Rxe8+ Qxe8 22. h4 Ne7 23. Nf4 Qd7 24. Bc2 c5 25. dxc5 dxc5 26. Qe4 f5 27. Qe6+ Qxe6 28. dxe6 c4 29. h5 Bf3 30. Ng6 Nxg6 31. hxg6 Kf8 32. Bxf5 Ke7 33. g4 Bd5 34. Kf1 Bxe6 35. Bxe6 Kxe6 36. f4 Kf6 37. f5 h5 38. gxh5 Kxf5 39. Ke2 Bc7 40. Kf3 Be5 41. Bc1 Bf6 42. Bf4 b4 43. cxb4 Bxb2 44. b5 c3 45. b6 c2 46. b7 Be5 47. Bc1 Ke6 48. Ke4 Bh2 49. Kd3 Be5 50. Kxc2 Kd7 51. Bb2 Bf4 52. Bxg7 Kc7 53. h6 Be5 54. Bxe5+ 1-0


[Site "https://www.chess.com"]